[Event "DVM U12 2024"]
[Site "Heidelberg"]
[Date "2024.12.28"]
[Round "4"]
[White "Rudolph, Simon"]
[Black "Sun, Christopher"]
[Result "1/2-1/2"]
[ECO "D53"]
[WhiteElo "1614"]
[BlackElo "1723"]
[Annotator "NA RC"]
[PlyCount "74"]
[EventDate "2024.12.23"]
[EventType "team-tourn"]
[EventRounds "7"]
[EventCountry "GER"]
[SourceTitle "playchess.com"]
[Source "ChessBase"]
[SourceQuality "1"]
[TimeControl "40/5400+30:1800+30"]

1. d4 d5 2. c4 e6 3. Nc3 Nf6 4. Bg5 Be7 5. Nf3 O-O 6. e3 dxc4 7. Bxc4 b6 8. O-O Bb7 9. Qe2 Nbd7 10. Rfd1 c5 11. dxc5 Bxf3 12. Qxf3 Ne5 13. Qe2 Qc7 14. Ba6 Qxc5 15. Rac1 Qb4 16. Bf4 Ng6 17. Bg3 Rfd8 18. Re1 h6 19. Bb7 Bd6 20. Bxd6 Qxd6 21. Bxa8 Rxa8 22. Nb5 Qe5 23. Nd4 Ne7 24. Nc6 Nxc6 25. Rxc6 Rd8 26. Rec1 Rd7 27. Rc8+ Kh7 28. Qc2+ g6 29. Qc3 Qf5 30. e4 Qg5 31. f4 Qh4 32. g3 Qh5 33. Qxf6 Rd1+ 34. Rxd1 Qxd1+ 35. Kg2 Qe2+ 36. Kh3 Qh5+ 37. Qh4 Qd1 1/2-1/2

[Event "DVM U12 2024"]
[Site "Heidelberg"]
[Date "2024.12.28"]
[Round "4"]
[White "Sriram, Aumkar"]
[Black "Heins, Simon"]
[Result "0-1"]
[ECO "B24"]
[WhiteElo "1610"]
[BlackElo "1708"]
[Annotator "NA RC"]
[PlyCount "94"]
[EventDate "2024.12.23"]
[EventType "team-tourn"]
[EventRounds "7"]
[EventCountry "GER"]
[SourceTitle "playchess.com"]
[Source "ChessBase"]
[SourceQuality "1"]
[TimeControl "40/5400+30:1800+30"]

1. e4 c5 2. Nf3 e6 3. g3 Nc6 4. Bg2 g6 5. d3 Bg7 6. Nc3 Nge7 7. Bg5 O-O 8. O-O d5 9. exd5 exd5 10. Re1 Be6 11. Qd2 Qd7 12. Bxe7 Nxe7 13. Ne5 Qc7 14. f4 Rad8 15. Kh1 Nc6 16. Nf3 h6 17. Na4 b6 18. Nc3 a6 19. a3 b5 20. Rab1 Rfe8 21. b4 cxb4 22. axb4 Nxb4 23. d4 Nc6 24. Ra1 Qb6 25. Ne5 Qxd4 26. Qxd4 Nxd4 27. Rxa6 b4 28. Ne2 Nxc2 29. Rc1 b3 30. Rb6 Rb8 31. Ra6 Bxe5 32. fxe5 b2 33. Rb1 d4 34. Rc6 Ba2 35. Rxc2 Bxb1 36. Rd2 Ba2 37. Rd1 b1=Q 38. Rxb1 Rxb1+ 39. Ng1 Rxe5 40. h3 Ree1 41. Kh2 Rxg1 42. h4 d3 43. Kh3 d2 44. Kh2 d1=Q 45. Kh3 Be6+ 46. g4 Qxg4+ 47. Kh2 Qxg2# 0-1

[Event "DVM U12 2024"]
[Site "Heidelberg"]
[Date "2024.12.28"]
[Round "4"]
[White "Winklmann, Alexander"]
[Black "Ünal, Malik Mehmet"]
[Result "1-0"]
[ECO "C29"]
[WhiteElo "1593"]
[BlackElo "831"]
[Annotator "NA"]
[PlyCount "39"]
[EventDate "2024.12.23"]
[EventType "team-tourn"]
[EventRounds "7"]
[EventCountry "GER"]
[SourceTitle "playchess.com"]
[Source "ChessBase"]
[SourceQuality "1"]
[TimeControl "40/5400+30:1800+30"]

1. e4 e5 2. Nc3 Nf6 3. f4 exf4 4. d4 Nc6 5. Nf3 d5 6. e5 Ne4 7. Bxf4 Bb4 8. Bd2 Bg4 9. a3 Ba5 10. Be2 O-O 11. O-O f6 12. exf6 Rxf6 13. Nxe4 Rf5 14. Ng3 Rf8 15. Bxa5 Nxa5 16. Ne5 Bxe2 17. Qxe2 Re8 18. Qg4 c5 19. Rf7 Re7 20. Qxg7# 1-0

[Event "DVM U12 2024"]
[Site "Heidelberg"]
[Date "2024.12.28"]
[Round "4"]
[White "Lu, Alexander"]
[Black "Grabowski, Joshua"]
[Result "0-1"]
[ECO "D10"]
[WhiteElo "1571"]
[BlackElo "1745"]
[Annotator "NA RC"]
[PlyCount "156"]
[EventDate "2024.12.23"]
[EventType "team-tourn"]
[EventRounds "7"]
[EventCountry "GER"]
[SourceTitle "playchess.com"]
[Source "ChessBase"]
[SourceQuality "1"]
[TimeControl "40/5400+30:1800+30"]

1. d4 d5 2. c4 c6 3. Nc3 Nf6 4. Bf4 dxc4 5. e3 b5 6. a4 b4 7. Na2 Ba6 8. Nxb4 Qa5 9. Qc2 Qxb4+ 10. Qc3 Nd5 11. Qxb4 Nxb4 12. Rc1 e5 13. Bxe5 Nd3+ 14. Bxd3 cxd3 15. Nf3 Bb4+ 16. Nd2 Nd7 17. Rxc6 Nxe5 18. dxe5 O-O 19. Rxa6 Rfc8 20. O-O Bxd2 21. Rd6 Rd8 22. Rd1 Bb4 23. R6xd3 Rxd3 24. Rxd3 Kf8 25. f4 Ke7 26. Kf2 Rc8 27. Kf3 Rc2 28. b3 Rd2 29. Rxd2 Bxd2 30. Ke2 Bc1 31. f5 Bb2 32. g4 Bxe5 33. h3 g5 34. Kd3 Kd6 35. Kc4 a5 36. e4 Bg3 37. Kd4 Bf2+ 38. Kc4 Ke5 39. Kd3 Bd4 40. Kc4 Kxe4 41. b4 axb4 42. Kxb4 Kd5 43. Kb5 Bc3 44. a5 Bd4 45. a6 f6 46. Ka4 Kc6 47. Ka5 h6 48. Kb4 Kb6 49. Kc4 Be5 50. Kd5 Kxa6 51. Ke6 Kb5 52. Kf7 Kc5 53. Kg6 Kd5 54. Kxh6 Ke4 55. Kh5 Kf4 56. h4 gxh4 57. Kxh4 Bc3 58. Kh5 Be1 59. Kg6 Bh4 60. g5 Bxg5 61. Kh5 Ke5 62. Kg6 Bc1 63. Kh5 Kxf5 64. Kh4 Kf4 65. Kh3 Kf3 66. Kh2 Kf2 67. Kh1 f5 68. Kh2 f4 69. Kh1 f3 70. Kh2 Ke2 71. Kg3 f2 72. Kg4 f1=Q 73. Kg3 Qf4+ 74. Kg2 Qf3+ 75. Kg1 Be3+ 76. Kh2 Bf4+ 77. Kg1 Qg3+ 78. Kh1 Qh2# 0-1

[Event "DVM U12 2024"]
[Site "Heidelberg"]
[Date "2024.12.28"]
[Round "4"]
[White "Tomovski, Leon"]
[Black "Hübler, Lennis"]
[Result "1-0"]
[ECO "C56"]
[WhiteElo "1569"]
[BlackElo "1261"]
[Annotator "NA"]
[PlyCount "79"]
[EventDate "2024.12.23"]
[EventType "team-tourn"]
[EventRounds "7"]
[EventCountry "GER"]
[SourceTitle "playchess.com"]
[Source "ChessBase"]
[SourceQuality "1"]
[TimeControl "40/5400+30:1800+30"]

1. e4 e5 2. Nf3 Nc6 3. Bc4 Bc5 4. O-O Nf6 5. c3 Nxe4 6. d4 exd4 7. cxd4 d5 8. dxc5 dxc4 9. Qxd8+ Nxd8 10. Re1 f5 11. Nc3 O-O 12. Nxe4 fxe4 13. Rxe4 Ne6 14. Rxc4 Rd8 15. Be3 Bd7 16. Ne5 Bb5 17. Rb4 a6 18. a4 Bc6 19. Nxc6 bxc6 20. Re4 Nf8 21. Re7 Rd7 22. Rxd7 Nxd7 23. Rd1 Nf6 24. Bg5 Nd5 25. f4 Rb8 26. Rb1 Nc3 27. Re1 Nxa4 28. Re7 h6 29. Bh4 Nxc5 30. Rxc7 Rb6 31. Bf2 Rb5 32. Rxc6 Nd3 33. g3 Rxb2 34. Bd4 Ra2 35. Rc8+ Kh7 36. Rc7 h5 37. Rxg7+ Kh6 38. f5 Nc5 39. f6 Ne6 40. Be3+ 1-0

[Event "DVM U12 2024"]
[Site "Heidelberg"]
[Date "2024.12.28"]
[Round "4"]
[White "Ramayanam, Nithya"]
[Black "El Guettabi, Anas"]
[Result "1/2-1/2"]
[ECO "C00"]
[WhiteElo "1566"]
[BlackElo "1067"]
[Annotator "NA RC"]
[PlyCount "55"]
[EventDate "2024.12.23"]
[EventType "team-tourn"]
[EventRounds "7"]
[EventCountry "GER"]
[SourceTitle "playchess.com"]
[Source "ChessBase"]
[SourceQuality "1"]
[TimeControl "40/5400+30:1800+30"]

1. e4 e6 2. Nf3 d5 3. e5 Bc5 4. d4 Bb6 5. Be2 Ne7 6. O-O O-O 7. b3 c5 8. Bb2 Nbc6 9. dxc5 Bxc5 10. Nbd2 Qc7 11. c4 Ng6 12. cxd5 exd5 13. Nb1 Rd8 14. Qc2 b6 15. Bb5 Ncxe5 16. Nxe5 Nxe5 17. b4 Bd6 18. Qxc7 Bxc7 19. Nc3 Bb7 20. f4 Nc6 21. Rad1 Ne7 22. Rfe1 Nf5 23. Ne2 a6 24. Bd3 Ne3 25. Rc1 Rac8 26. h3 Nc4 27. Bxc4 dxc4 28. Rxc4 1/2-1/2

[Event "DVM U12 2024"]
[Site "Heidelberg"]
[Date "2024.12.28"]
[Round "4"]
[White "Libert, Nick"]
[Black "Hantke, Karl"]
[Result "0-1"]
[ECO "C54"]
[WhiteElo "1548"]
[BlackElo "1627"]
[Annotator "NA RC"]
[PlyCount "36"]
[EventDate "2024.12.23"]
[EventType "team-tourn"]
[EventRounds "7"]
[EventCountry "GER"]
[SourceTitle "playchess.com"]
[Source "ChessBase"]
[SourceQuality "1"]
[TimeControl "40/5400+30:1800+30"]

1. e4 e5 2. Nf3 Nc6 3. Bc4 Bc5 4. c3 Nf6 5. d4 exd4 6. b4 Bb6 7. e5 d5 8. exf6 dxc4 9. Qe2+ Be6 10. b5 d3 11. fxg7 Rg8 12. Qe4 Ne7 13. Qxh7 Qd5 14. a4 O-O-O 15. Bg5 Bf5 16. Qh4 Ng6 17. Qg3 Qe4+ 18. Kf1 Qe2+ 0-1

[Event "DVM U12 2024"]
[Site "Heidelberg"]
[Date "2024.12.28"]
[Round "4"]
[White "Classen, Meara"]
[Black "Kesavan, Sarvesh"]
[Result "0-1"]
[ECO "E43"]
[WhiteElo "1456"]
[BlackElo "1721"]
[Annotator "NA RC"]
[PlyCount "66"]
[EventDate "2024.12.23"]
[EventType "team-tourn"]
[EventRounds "7"]
[EventCountry "GER"]
[SourceTitle "playchess.com"]
[Source "ChessBase"]
[SourceQuality "1"]
[TimeControl "40/5400+30:1800+30"]

1. d4 Nf6 2. c4 e6 3. Nc3 Bb4 4. Bd2 c5 5. e3 O-O 6. Nf3 cxd4 7. exd4 b6 8. a3 Be7 9. Bd3 Bb7 10. O-O d5 11. cxd5 Nxd5 12. Nxd5 Bxd5 13. Bf4 Nd7 14. Rc1 Rc8 15. Qd2 Nf6 16. Rxc8 Qxc8 17. Rc1 Qa8 18. Qc2 Bxf3 19. gxf3 Qxf3 20. Bg3 Qa8 21. Bh4 Nd5 22. Bxh7+ Kh8 23. Bxe7 Nxe7 24. Qd3 g6 25. Qh3 Kg7 26. Qg4 Rc8 27. Re1 Qb7 28. Qh4 Rh8 29. Qg3 Rxh7 30. Rc1 Nd5 31. Qe5+ f6 32. Qxe6 Nf4 33. Qd6 Qg2# 0-1

[Event "DVM U12 2024"]
[Site "Heidelberg"]
[Date "2024.12.28"]
[Round "4"]
[White "Rudnizki, Valentin"]
[Black "Cetinalp, Poyraz"]
[Result "0-1"]
[ECO "C54"]
[WhiteElo "1448"]
[BlackElo "1530"]
[Annotator "NA RC"]
[PlyCount "80"]
[EventDate "2024.12.23"]
[EventType "team-tourn"]
[EventRounds "7"]
[EventCountry "GER"]
[SourceTitle "playchess.com"]
[Source "ChessBase"]
[SourceQuality "1"]
[TimeControl "40/5400+30:1800+30"]

1. e4 e5 2. Nf3 Nc6 3. Bc4 Bc5 4. c3 Nf6 5. d4 exd4 6. e5 Ne4 7. cxd4 Bb4+ 8. Bd2 d5 9. Bxb4 Nxb4 10. Bb3 Bg4 11. a3 Nc6 12. Ba4 Qd7 13. h3 Bh5 14. g4 Bg6 15. Nbd2 O-O 16. Rc1 Rfe8 17. b4 a6 18. Nb3 b5 19. Nc5 Nxc5 20. Rxc5 bxa4 21. Qxa4 Nxe5 22. Qb3 Nxf3+ 23. Kd1 Nxd4 24. Qxd5 Qxd5 25. Rxd5 Rad8 26. Rxd8 Rxd8 27. Kc1 f6 28. Rd1 Ne2+ 29. Kb2 Rxd1 30. b5 axb5 31. a4 bxa4 32. g5 Rb1+ 33. Ka3 c5 34. gxf6 c4 35. f7+ Kxf7 36. f4 Be4 37. f5 c3 38. f6 c2 39. Ka2 c1=Q 40. fxg7 Bd5# 0-1

[Event "DVM U12 2024"]
[Site "Heidelberg"]
[Date "2024.12.28"]
[Round "4"]
[White "Balthasar, Johann"]
[Black "Liu, Zichen"]
[Result "0-1"]
[ECO "C54"]
[WhiteElo "1317"]
[BlackElo "1563"]
[Annotator "NA RC"]
[PlyCount "70"]
[EventDate "2024.12.23"]
[EventType "team-tourn"]
[EventRounds "7"]
[EventCountry "GER"]
[SourceTitle "playchess.com"]
[Source "ChessBase"]
[SourceQuality "1"]
[TimeControl "40/5400+30:1800+30"]

1. e4 e5 2. Nf3 Nc6 3. Bc4 Bc5 4. d3 Nf6 5. c3 O-O 6. O-O d6 7. a4 a5 8. Re1 Be6 9. Bxe6 fxe6 10. Nbd2 Ng4 11. Re2 d5 12. Nf1 dxe4 13. Bg5 Qxd3 14. Qxd3 exd3 15. Rd2 e4 16. Re1 exf3 17. Rxd3 Bxf2+ 18. Kh1 fxg2+ 19. Kxg2 Bxe1 20. Rd7 Rf2+ 21. Kg1 Raf8 22. Ne3 h6 23. Nxg4 Rf1+ 24. Kg2 hxg5 25. Rxc7 R8f4 26. h3 R1f3 27. Rxb7 Rg3+ 28. Kh2 Rff3 29. Kh1 Rxh3+ 30. Nh2 Rf2 31. b4 Rfxh2+ 32. Kg1 axb4 33. cxb4 Bxb4 34. Rb6 Rc2 35. Rb5 Rb3 0-1

[Event "DVM U12 2024"]
[Site "Heidelberg"]
[Date "2024.12.28"]
[Round "4"]
[White "Xu, Yan"]
[Black "Riebienkov, Mark"]
[Result "1/2-1/2"]
[ECO "C77"]
[WhiteElo "1268"]
[BlackElo "1269"]
[Annotator "NA RC"]
[PlyCount "53"]
[EventDate "2024.12.23"]
[EventType "team-tourn"]
[EventRounds "7"]
[EventCountry "GER"]
[SourceTitle "playchess.com"]
[Source "ChessBase"]
[SourceQuality "1"]
[TimeControl "40/5400+30:1800+30"]

1. e4 e5 2. Nf3 Nc6 3. Nc3 Nf6 4. Bb5 d6 5. d3 Be7 6. h3 a6 7. Ba4 Bd7 8. a3 Nd4 9. Bxd7+ Qxd7 10. Be3 c5 11. Nd5 Nxd5 12. exd5 f5 13. c4 Nxf3+ 14. Qxf3 b5 15. Qe2 O-O 16. O-O Bf6 17. Qd2 f4 18. Bxc5 dxc5 19. b4 cxb4 20. axb4 e4 21. Rac1 bxc4 22. dxc4 Rad8 23. Rfd1 f3 24. g4 Be5 25. Rc2 Rf4 26. Qe3 Qa4 27. Qd2 1/2-1/2

[Event "DVM U12 2024"]
[Site "Heidelberg"]
[Date "2024.12.28"]
[Round "4"]
[White "Haug, Niklas Alexander"]
[Black "Liu, Miran"]
[Result "1/2-1/2"]
[ECO "C50"]
[WhiteElo "1115"]
[BlackElo "962"]
[Annotator "NA RC"]
[PlyCount "69"]
[EventDate "2024.12.23"]
[EventType "team-tourn"]
[EventRounds "7"]
[EventCountry "GER"]
[SourceTitle "playchess.com"]
[Source "ChessBase"]
[SourceQuality "1"]
[TimeControl "40/5400+30:1800+30"]

1. e4 e5 2. Nf3 Nc6 3. Bc4 Bc5 4. Nc3 Nf6 5. d3 h6 6. Be3 Bxe3 7. fxe3 d6 8. h3 O-O 9. O-O Bd7 10. d4 Re8 11. Re1 a6 12. a3 b5 13. Ba2 Na7 14. Qd3 Bc6 15. Bd5 Nxd5 16. Nxd5 Bxd5 17. exd5 e4 18. Qe2 exf3 19. Qxf3 Nc8 20. Rf1 Rf8 21. e4 Ne7 22. c3 Ng6 23. Rac1 Qe7 24. c4 bxc4 25. Rxc4 Rab8 26. Rc2 Nh8 27. Qf4 Rfe8 28. Re2 f6 29. Rf3 Ng6 30. Qg4 Qf7 31. Rg3 Nf8 32. Rf2 Qe7 33. b4 Nd7 34. Rf5 Rf8 35. Rh5 1/2-1/2

[Event "DVM U12 2024"]
[Site "Heidelberg"]
[Date "2024.12.28"]
[Round "4"]
[White "Podousov, Andrii"]
[Black "Merle, Atreyu Lukas"]
[Result "1-0"]
[ECO "B73"]
[WhiteElo "1105"]
[BlackElo "1380"]
[Annotator "NA RC"]
[PlyCount "191"]
[EventDate "2024.12.23"]
[EventType "team-tourn"]
[EventRounds "7"]
[EventCountry "GER"]
[SourceTitle "playchess.com"]
[Source "ChessBase"]
[SourceQuality "1"]
[TimeControl "40/5400+30:1800+30"]

1. e4 c5 2. Nf3 d6 3. d4 cxd4 4. Nxd4 Nf6 5. Nc3 g6 6. Be3 Bg7 7. Be2 O-O 8. O-O Nc6 9. Nxc6 bxc6 10. h3 d5 11. exd5 cxd5 12. Bf3 Bb7 13. Re1 Rb8 14. Bf4 Rc8 15. Nb5 Qb6 16. Nc3 Qxb2 17. Rb1 Qxc3 18. Rxb7 Qc5 19. Rexe7 a5 20. Rbc7 Rxc7 21. Rxc7 Qb4 22. Qd2 Qb1+ 23. Kh2 Qxa2 24. Rc5 d4 25. Rxa5 Qb1 26. Be5 Qb6 27. Bxd4 Qd6+ 28. Kg1 Rd8 29. c3 Rb8 30. Ra8 Rxa8 31. Bxa8 Qb8 32. Bf3 Qb1+ 33. Qd1 Qb5 34. Qe2 Qg5 35. Qe3 Qf5 36. c4 Qb1+ 37. Kh2 Qb8+ 38. Be5 Ng4+ 39. Bxg4 Qxe5+ 40. Qxe5 Bxe5+ 41. g3 Kf8 42. Kg2 Ke7 43. Bf3 Kd6 44. Bd5 f6 45. f4 Bd4 46. Kf3 h6 47. h4 Ke7 48. g4 Bc5 49. Ke4 Bf2 50. h5 g5 51. fxg5 fxg5 52. Kf5 Bd4 53. Kg6 Bc5 54. Kxh6 Kf6 55. Kh7 Bf8 56. h6 Bc5 57. Kg8 Ke7 58. h7 Bd4 59. h8=Q Bxh8 60. Kxh8 Kd6 61. Kg7 Kc5 62. Kg6 Kd6 63. Kxg5 Ke7 64. Kf5 Kf8 65. Kf6 Ke8 66. g5 Kf8 67. g6 Ke8 68. g7 Kd7 69. g8=R Kd6 70. c5+ Kxd5 71. Re8 Kxc5 72. Rd8 Kc6 73. Ke5 Kc7 74. Rd1 Kc6 75. Rd2 Kc7 76. Ke6 Kc8 77. Ke7 Kc7 78. Rc2+ Kb6 79. Kd7 Kb5 80. Kd6 Kb4 81. Rc5 Kb3 82. Kd5 Kb4 83. Kd4 Kb3 84. Rc8 Kb2 85. Kd3 Kb1 86. Kd2 Kb2 87. Rb8+ Ka3 88. Kc2 Ka4 89. Kc3 Ka5 90. Rb4 Ka6 91. Kc4 Ka7 92. Kc5 Ka8 93. Kc6 Ka7 94. Rb1 Ka8 95. Kc7 Ka7 96. Ra1# 1-0

[Event "DVM U12 2024"]
[Site "Heidelberg"]
[Date "2024.12.28"]
[Round "4"]
[White "Katzschner, Tim"]
[Black "Tuktamyshev, Timur"]
[Result "0-1"]
[ECO "A40"]
[WhiteElo "925"]
[BlackElo "1531"]
[Annotator "NA RC"]
[PlyCount "38"]
[EventDate "2024.12.23"]
[EventType "team-tourn"]
[EventRounds "7"]
[EventCountry "GER"]
[SourceTitle "playchess.com"]
[Source "ChessBase"]
[SourceQuality "1"]
[TimeControl "40/5400+30:1800+30"]

1. d4 e5 2. Nf3 exd4 3. Nxd4 d5 4. Nc3 Bb4 5. Bd2 c5 6. Nf3 Nf6 7. g3 Nc6 8. Bg2 Bf5 9. Rc1 Qd7 10. O-O Bh3 11. Bxh3 Qxh3 12. Ng5 Qf5 13. Bf4 h6 14. Nf3 O-O 15. Qd3 Qe6 16. Rfe1 Rad8 17. Rcd1 Qh3 18. Rf1 Ng4 19. Nxd5 Nd4 0-1